 Dungeon Crawl Stone Soup version 0.30.0-29-ga12c61a403 (webtiles) character file.

Game seed: 7186617452007761609

123 Elmgren the Shooter (level 5, -6/30 HPs)
             Began as a Gargoyle Hunter on June 21, 2023.
             Mangled by a black bear (7 damage)
             ... on level 4 of the Dungeon.
             The game lasted 00:02:52 (2762 turns).

Elmgren the Shooter (Gargoyle Hunter)               Turns: 2762, Time: 00:02:53

Health: -6/30      AC: 12    Str: 16    XL:     5   Next: 7%
Magic:  5/5        EV: 11    Int: 10    God:
Gold:   184        SH:  0    Dex: 13    Spells: 4/4 levels left

rFire   . . .        a - +0 shortbow
rCold   . . .        (shield currently unavailable)
rNeg    + . .        c - +0 leather armour
rPois   ∞            (no helmet)
rElec   +            f - +2 cloak {Will+}
rCorr   .            (no gloves)
SInv    .            r - +1 pair of boots
Will    +....        (no amulet)
Stlth   +            (no ring)
HPRegen 0.25/turn    (no ring)
MPRegen 0.09/turn

%: no passive effects
@: no status effects
A: sickness immunity, AC +4, negative energy resistance 1, electricity
resistance, torment resistance 1, petrification resistance
a: no special abilities


You were on level 4 of the Dungeon.
You visited 1 branch of the dungeon, and saw 4 of its levels.

You collected 184 gold pieces.

Inventory:

Hand Weapons
 a - a +0 shortbow (weapon)
Armour
 c - a +0 leather armour (worn)
 f - a +2 cloak of willpower (worn)
   (You found it on level 1 of the Dungeon)
 r - a +1 pair of boots (worn)
   (You found it on level 4 of the Dungeon)
Magical Staves
 m - a staff of air {rElec}
   (You found it on level 2 of the Dungeon)
Jewellery
 o - an amulet of magic regeneration
   (You found it on level 3 of the Dungeon)
 p - a ring of fire {rF+, rC-}
   (You took it off a goblin on level 2 of the Dungeon)
Scrolls
 b - a scroll of immolation {!r}
 h - 2 scrolls of identify {@r1}
 l - a scroll of blinking {!r!d}
 q - a scroll of teleportation {unknown}
Potions
 d - a potion of berserk rage {unknown}
 e - 2 potions of resistance
 g - a potion of ambrosia {unknown}
 i - 2 potions of might {unknown}
 j - a potion of heal wounds {unknown}
 k - a potion of curing {unknown}
 n - a potion of lignification {unknown}
 s - a potion of degeneration {unknown}


   Skills:
 - Level 2.1 Fighting
 + Level 6.2 Ranged Weapons
 - Level 1.5 Dodging
 - Level 1.1 Stealth


You had 4 spell levels left.
You didn't know any spells.
Your spell library contained the following spells:

 Spells                   Type           Power      Damage    Failure   Level
 Beastly Appendage        Tmut           0%         N/A       43%         1
 Wereblood                Tmut           0%         N/A       56%         2
 Inner Flame              Hex/Fire       0%         N/A       80%         3
 Spider Form              Tmut/Pois      0%         N/A       80%         3
 Yara's Violent Unravell  Hex/Tmut       0%         3d3       100%        5
 Enfeeble                 Hex            0%         N/A       100%        7


Dungeon Overview and Level Annotations

Branches:
Dungeon (4/15)
 Temple: D:4-7

Altars:
Uskayaw
Vehumet

Annotations:
D:4 Menkaure


Innate Abilities, Weirdness & Mutations

You are immune to sickness and miasma.
Your stone body is resilient. (AC +4)
You are immune to poison.
You resist negative energy. (rN+)
You are resistant to electric shocks. (rElec)
You are resistant to unholy torment.
You are immune to petrification.


Message History

No target in view!
A black bear comes into view.
The black bear growls angrily.
The black bear moves out of view.
No target in view!
A kobold comes into view. It is wielding a +0 dagger.
An adder comes into view.
You shoot an arrow. The kobold shouts!
The adder hisses angrily.
The arrow hits the black bear.
You hear a shout!
There are monsters nearby!
You shoot an arrow.
The arrow closely misses the black bear.
There are monsters nearby!
You shoot an arrow. The arrow hits the black bear.
Menkaure, Prince of Dust comes into view.
The black bear bites you but does no damage.
The black bear misses you. The black bear barely misses you.
There are monsters nearby!
The black bear attacks as you move away!
The black bear misses you.
The black bear claws you but does no damage.
The black bear claws you.
You shoot an arrow. The arrow hits the black bear!
The black bear bites you. The black bear closely misses you.
The black bear claws you but does no damage.
You take 3 damage, and have 27/30 hp.
You shoot an arrow.
The arrow closely misses the black bear.
The arrow hits the kobold.
You kill the kobold!
The black bear bites you but does no damage.
The black bear claws you but does no damage.
The black bear closely misses you.
You shoot an arrow. The arrow hits the black bear.
The black bear misses you. The black bear closely misses you. x2
The black bear bites you but does no damage.
The black bear claws you but does no damage.
The black bear claws you.
You shoot an arrow.
The arrow hits the black bear but does no damage.
The black bear closely misses you. x2
The black bear claws you but does no damage.
Menkaure calls on the powers of darkness!
The adder convulses!
The black bear convulses!
Your body is wracked with pain!
You take 5 damage, and have 22/30 hp.
The black bear attacks as you move away!
The black bear misses you. The black bear claws you.
The black bear closely misses you.
The black bear goes berserk!
You take 1 damage, and have 21/30 hp.
You shoot an arrow. The arrow barely misses the black bear.
The arrow hits the adder.
You shoot an arrow.
The arrow hits the black bear but does no damage.
The black bear bites you. The black bear misses you. The black bear claws you.
Menkaure calls on the powers of darkness!
The adder convulses!
The black bear convulses!
Your body is wracked with pain!
The black bear misses you. x2; The black bear claws you.
You take 10 damage, and have 12/30 hp.
MASSIVE DAMAGE!!
You shoot an arrow.
The arrow hits the black bear but does no damage.
The black bear closely misses you.
The black bear claws you but does no damage.
The black bear claws you. The black bear barely misses you.
The black bear claws you but does no damage. x2
You take 2 damage, and have 10/30 hp.
You shoot an arrow. The arrow hits the black bear.
The black bear barely misses you. The black bear claws you.
* * * LOW HITPOINT WARNING * * *
The black bear closely misses you.
The black bear bites you but does no damage.
The black bear claws you.
* * * LOW HITPOINT WARNING * * *
The black bear completely misses you.
You take 5 damage, and have 5/30 hp.
The black bear bites you but does no damage.
The black bear misses you.
The black bear claws you but does no damage.
The black bear attacks as you move away!
The black bear bites you but does no damage.
The black bear closely misses you. The black bear barely misses you.
The black bear attacks as you move away!
The black bear closely misses you. The black bear completely misses you.
The black bear closely misses you.
The black bear bites you but does no damage.
The black bear claws you but does no damage. x2
Menkaure calls on the powers of darkness!
The adder convulses!
The black bear convulses!
You feel a surge of unholy energy.
The black bear attacks as you move away!
The black bear bites you but does no damage.
The black bear claws you but does no damage.
The black bear claws you.
* * * LOW HITPOINT WARNING * * *
The black bear bites you!
You die...

# ####.# #....# #.#### . #<# ..
###### ##.### ...
.....############....###### ....
.....'..........@.........+ .....
.....############h##..#####......
#....# #S##......<...... #.##.#
#.###....##...... #.##.#
#.######+######## #.##.#
#.M.M)....... #.##.#
#######...... ..##.. ..... ######
)...


You could see a black bear (berserk), Menkaure and an adder.

Vanquished Creatures
  6 adders (D:2 D:3)
  A worm (D:3)
  2 dart slugs (D:3)
  2 orcs (D:3)
  4 endoplasms (D:1 D:2)
  2 giant cockroaches (D:1 D:4)
  7 goblins (D:1 D:2 D:3)
  6 hobgoblins (D:1 D:3)
  2 jackals (D:2)
  8 kobolds (D:1 D:2 D:4)
  5 quokkas (D:1 D:2)
  4 ball pythons (D:1 D:2 D:4)
  3 bats (D:2 D:3)
  2 frilled lizards (D:1)
  5 rats (D:1 D:2 D:3)
59 creatures vanquished.

Notes
Turn   | Place    | Note
-------+----------+-------------------------------------------
     0 | D:1      | Elmgren the Gargoyle Hunter began the quest for the Orb.
     0 | D:1      | Reached XP level 1. HP: 12/12 MP: 1/1
   117 | D:1      | Reached XP level 2. HP: 16/17 MP: 2/2
   420 | D:1      | HP: 7/17 [frozen (5)]
   611 | D:1      | Reached XP level 3. HP: 21/21 MP: 3/3
  1019 | D:1      | Reached skill level 5 in Ranged Weapons
  1361 | D:2      | Found a faded altar of an unknown god.
  1512 | D:2      | Reached XP level 4. HP: 24/26 MP: 4/4
  2138 | D:3      | Reached skill level 6 in Ranged Weapons
  2173 | D:3      | HP: 8/26 [orc/+0 trident (6)]
  2274 | D:3      | Found a hide-covered altar of Uskayaw.
  2279 | D:3      | Noticed a +0 hand axe
  2280 | D:3      | Noticed a +0 hand axe
  2357 | D:3      | Found a radiant altar of Vehumet.
  2430 | D:3      | Reached XP level 5. HP: 30/30 MP: 5/5
  2742 | D:4      | Noticed a black bear
  2746 | D:4      | Noticed Menkaure
  2755 | D:4      | HP: 14/30 [??? (3)]
  2757 | D:4      | HP: 5/30 [black bear (4)]
  2762 | D:4      | HP: 1/30 [black bear (5)]
  2762 | D:4      | Mangled by a black bear

Illustrated notes

Levels and vault maps discovered:
D:1:      minmay_arrival_four_houses, layout_basic
D:2:      layout_loops_ring, shapermc_ecumenical_altar_acropolis,
          dreamdust_mushroom_princess, minmay_tree_intersection
D:3:      layout_rooms, vehumet_crystals, dancing_weapons_uskayaw,
          serial_rivers, chequers_serial_rivers_small_3,
          chequers_serial_rivers_small_a, chequers_serial_rivers_large_b,
          chequers_serial_rivers_micro_c, chequers_serial_rivers_micro_a
D:4:      layout_basic, lemuel_doored_altar, minmay_temple_entry_from_below_a,
          uniq_menkaure

Skill      XL: |  1  2  3  4 |
---------------+-------------+-----
Ranged Weapons | 5 6 |  6.2
Fighting       | |  2.1
Dodging        | |  1.5
Stealth        | |  1.1

Action                     |  1- 3 |  4- 6 || total
---------------------------+-------+-------++-------
   Fire: Shortbow          |   135 |   117 ||   252
    Use: Scroll            |     1 |     3 ||     4
 Armour: Leather armour    |    35 |    28 ||    63
  Dodge: Dodged            |    47 |    53 ||   100

Levels and vault maps discovered:
D:1:      minmay_arrival_four_houses, layout_basic
D:2:      layout_loops_ring, shapermc_ecumenical_altar_acropolis,
          dreamdust_mushroom_princess, minmay_tree_intersection
D:3:      layout_rooms, vehumet_crystals, dancing_weapons_uskayaw,
          serial_rivers, chequers_serial_rivers_small_3,
          chequers_serial_rivers_small_a, chequers_serial_rivers_large_b,
          chequers_serial_rivers_micro_c, chequers_serial_rivers_micro_a
D:4:      layout_basic, lemuel_doored_altar, minmay_temple_entry_from_below_a,
          uniq_menkaure

Table legend: (Time is in decaauts)
 A = Elapsed time spent in this place.
 B = Non-inter-level travel time spent in this place.
 C = Inter-level travel time spent in this place.
 D = Time resting spent in this place.
 E = Time spent auto-exploring this place.
 F = Levels seen in this place.
 G = Mean time per level.
                   A        B        C        D        E       F      G
               +--------+--------+--------+--------+--------+-----+--------+
         Total |   2867 |   2814 |     53 |    353 |   1997 |   4 |  716.8 |
       Dungeon |   2867 |   2814 |     53 |    353 |   1997 |   4 |  716.8 |
               +--------+--------+--------+--------+--------+-----+--------+

Top non-repeatable levels by time:
     D:1: 1106 daAuts
     D:2: 960 daAuts
     D:3: 672 daAuts
     D:4: 128 daAuts

Table legend:
 A = Kills in this place as a percentage of kills in the entire game.
 B = Kills by you in this place as a percentage of kills by you in the entire game.
 C = Kills by friends in this place as a percentage of kills by friends in the entire game.
 D = Other kills in this place as a percentage of other kills in the entire game.
 E = Experience gained in this place as a percentage of experience gained in the entire game.
 F = Experience gained in this place divided by the number of levels of this place that you have seen.
                   A       B       C       D       E      F
               +-------+-------+-------+-------+-------+----------------------
         Total | 100.0 | 100.0 |   N/A |   N/A | 100.0 |  44.0
       Dungeon | 100.0 | 100.0 |   N/A |   N/A | 100.0 |  44.0
               +-------+-------+-------+-------+-------+----------------------
